AoeStats
← Legendario

Arena

510580716Analyzed
4v4 RM · 1d ago on Oct 1, 2026· 51m 56s· 8 players
Game mode
Random Map
Map size
Large (8 player)
Population
200
Speed
Normal
Resources
Standard
Victory
Conquest
Starting age
Dark Age
Ending age
Imperial Age
RankedLock teamsTeams togetherTeam positionsShared explorationLock speedFull tech treeHidden civsTurbo modeCheats
Victory
Defeat
🇳🇱 Franks · Netherlands
1054
+14
🇪🇸 Goths · Spain
1045
+14
🇻🇪 Vikings · Venezuela
1032
+15
🇨🇴 Mongols · Colombia
998
+16
🇨🇱 Mongols · Chile
1034
-15
🇨🇱 Portuguese · Chile
1021
-15
🇨🇱 Mapuche · Chile
1003
-15
🇨🇱 Varangians · Chile
983
-14
the King
2:33 Loom
13:28 Feudal Age
14:54 Double-Bit Axe
14:55 Horse Collar
19:26 Castle Age
18:01 Scale Mail Armor
18:12 Forging
18:21 Gold Mining
19:28 Fletching
19:39 Padded Archer Armor
20:20 Crossbowman
27:31 Bow Saw
30:44 Imperial Age
29:05 Ballistics
29:04 Bodkin Arrow
29:25 Leather Archer Armor
30:53 Capped Ram
32:37 Chemistry
31:44 Bracer
32:15 Ring Archer Armor
31:42 Arbalester
37:42 Two-Man Saw
37:41 Siege Ram
Toompower
1:49 Loom
10:34 Feudal Age
11:52 Wheelbarrow
11:04 Double-Bit Axe
18:03 Castle Age
17:17 Stone Mining
17:51 Town Watch
18:30 Gold Mining
19:00 Bow Saw
20:49 Gold Mining
25:45 Hand Cart
29:10 Gold Shaft Mining
33:01 Imperial Age
30:32 Town Patrol
30:43 Scale Barding Armor
31:30 Forging
34:06 Chain Barding Armor
33:10 Cavalier
33:50 Husbandry
33:12 Elite Skirmisher
33:25 Ordonnance Companies
34:29 Conscription
33:55 Cranequins
33:56 Heavy Mounted Crossbowman
35:19 Fletching
35:29 Padded Archer Armor
36:06 Plate Barding Armor
36:44 Paladin
38:16 Siege Engineers
38:50 Iron Casting
42:34 Blast Furnace
42:44 Hoardings
43:10 Pikeman
43:51 Squires
43:37 Gambesons
43:37 Arson
43:51 Bodkin Arrow
44:12 Leather Archer Armor
43:58 Scale Mail Armor
44:17 Halberdier
48:58 Chain Mail Armor
48:55 Masonry
Legendario
0:29 Loom
12:53 Feudal Age
16:46 Castle Age
15:03 Double-Bit Axe
15:15 Horse Collar
25:21 Scale Mail Armor
26:50 Wheelbarrow
30:46 Imperial Age
28:29 Heavy Plow
28:52 Bow Saw
29:32 Gold Mining
29:46 Stone Mining
30:31 Hand Cart
30:49 Squires
31:35 Forging
31:42 Chain Mail Armor
31:32 Perfusion
31:55 Pikeman
32:56 Conscription
32:32 Halberdier
32:42 Man-at-Arms
34:57 Iron Casting
36:39 Blast Furnace
35:16 Long Swordsman
37:27 Two-Man Saw
36:33 Two-Handed Swordsman
37:17 Fletching
37:50 Ballistics
37:55 Treadmill Crane
38:25 Masonry
38:08 Champion
38:25 Elite Huskarl
39:26 Anarchy
42:47 Architecture
42:13 Bodkin Arrow
45:28 Bracer
46:30 Chemistry
45:26 Murder Holes
46:31 Stone Shaft Mining
PILDORO
9:34 Loom
11:20 Feudal Age
16:16 Castle Age
15:32 Double-Bit Axe
18:03 Horse Collar
18:37 Bow Saw
20:11 Wheelbarrow
23:16 Fletching
25:35 Padded Archer Armor
29:00 Bodkin Arrow
30:25 Thumb Ring
32:58 Imperial Age
31:07 Elite Skirmisher
31:54 Thumb Ring
31:48 Bodkin Arrow
32:09 Heavy Plow
33:32 Hand Cart
33:41 Leather Archer Armor
33:40 Pikeman
34:40 Gold Mining
37:16 Drill
36:27 Light Cavalry
37:18 Bloodlines
37:08 Husbandry
37:20 Forging
37:15 Scale Barding Armor
37:49 Gold Shaft Mining
37:03 Onager
38:28 Nomads
38:00 Hussar
39:20 Siege Engineers
41:34 Chemistry
42:41 Iron Casting
42:26 Chain Barding Armor
44:05 Siege Onager
46:59 Blast Furnace
45:59 Scale Mail Armor
47:25 Squires
49:37 Chain Mail Armor
THANOS133
10:18 Feudal Age
10:49 Double-Bit Axe
11:22 Horse Collar
18:42 Castle Age
16:52 Stone Mining
17:31 Gold Mining
17:39 Arson
19:09 Scale Barding Armor
19:01 Fletching
19:22 Forging
20:20 Squires
21:11 Gambesons
23:08 Bow Saw
24:30 Loom
26:34 Stone Shaft Mining
26:46 Padded Archer Armor
26:59 Heavy Plow
26:50 Town Watch
28:09 Wheelbarrow
29:21 Bloodlines
30:55 Hand Cart
30:45 Husbandry
31:58 Vendel Legacy
34:17 Chain Barding Armor
34:21 Ballistics
37:16 Masonry
37:09 Scale Mail Armor
37:27 Light Cavalry
39:54 Bodkin Arrow
39:58 Murder Holes
43:40 Imperial Age
41:28 Elite Skirmisher
42:27 Leather Archer Armor
44:52 Bracer
44:22 Cranequins
46:38 Chemistry
46:16 Crop Rotation
46:48 Two-Man Saw
46:37 Cavalier
Shalvi!< 133
10:53 Feudal Age
11:11 Loom
11:42 Double-Bit Axe
15:04 Castle Age
13:25 Stone Mining
14:16 Gold Mining
15:38 Fletching
25:29 Wheelbarrow
26:55 Horse Collar
32:56 Imperial Age
30:35 Bodkin Arrow
31:46 Ballistics
32:30 Gold Shaft Mining
32:13 Hand Cart
32:10 Town Watch
33:09 Bow Saw
35:16 Chemistry
34:49 Bloodlines
34:40 Husbandry
35:38 Conscription
36:35 Forging
37:20 Drill
36:37 Heavy Scorpion
36:50 Light Cavalry
38:33 Town Patrol
38:39 Bracer
39:14 Iron Casting
38:46 Scale Barding Armor
39:59 Masonry
39:39 Hussar
40:30 Heavy Camel Rider
RAGNAR LODBROCK133
0:30 Loom
9:54 Feudal Age
10:28 Double-Bit Axe
19:36 Castle Age
17:50 Gold Mining
18:14 Stone Mining
18:51 Horse Collar
20:28 Town Watch
21:20 Wheelbarrow
21:19 Bow Saw
22:44 Stone Shaft Mining
22:34 Fletching
29:40 Imperial Age
27:44 Ballistics
29:12 Hand Cart
29:17 Circumnavigation
31:27 Chemistry
30:56 Conscription
31:22 Town Patrol
31:44 Bodkin Arrow
33:16 Two-Man Saw
34:38 Arquebus
35:23 Elite Organ Gun
LordManos133
1:50 Loom
10:28 Feudal Age
12:00 Horse Collar
12:07 Double-Bit Axe
18:24 Castle Age
16:38 Scale Mail Armor
16:42 Champi Runner
17:10 Arson
18:40 Forging
18:42 Elite Skirmisher
19:30 Heavy Plow
19:35 Fletching
21:22 Gold Mining
25:57 Gold Shaft Mining
26:59 Wheelbarrow
27:00 Bow Saw
27:12 Padded Archer Armor
28:18 Ballistics
28:18 Leather Archer Armor
28:08 Bodkin Arrow
27:49 Pikeman
29:28 Malon
29:20 Treadmill Crane
35:50 Imperial Age
33:13 Stone Mining
33:55 Leather Archer Armor
35:12 Iron Casting
36:32 Elite Bolas Rider
37:06 Champi Warrior
38:17 Butalmapu
39:56 Chemistry
40:11 Hand Cart
40:35 Stone Shaft Mining
41:57 Blast Furnace
41:41 Masonry
41:54 Murder Holes
48:31 Conscription
47:36 Capped Ram
49:34 Elite Champi Warrior
Connection lost

Rejoining the realm…

Still unreachable

The connection could not be restored.

Session expired

The server has moved on; the page needs a fresh start.